 Dungeon Crawl Stone Soup version 0.28-a0-1241-gf280a0fbb2 (webtiles) character file.

Game seed: 7656138100156028011

175 KyoPewz the Caller (level 5, -3/28 HPs)
             Began as a Tengu Summoner on Dec 21, 2021.
             Succumbed to a gnoll's poison
             ... on level 3 of the Dungeon on Dec 26, 2021.
             The game lasted 00:13:08 (2591 turns).

KyoPewz the Caller (Tengu Summoner)                 Turns: 2591, Time: 00:13:09

Health: -3/28      AC:  3    Str:  9    XL:     5   Next: 55%
Magic:  8/10       EV: 14    Int: 17    God:
Gold:   74         SH:  0    Dex: 14    Spells: 4/10 levels left

rFire   + . .      SeeInvis .   a - +0 trident {polearm}
rCold   + . .      Faith    .   (no shield)
rNeg    . . .      Spirit   .   r - +0 robe
rPois   .          Reflect  .   (helmet restricted)
rElec   .          Harm     .   g - scarf {rC+ rF+}
rCorr   .          Rampage  .   p - +0 pair of gloves
Will    .....                   (boots unavailable)
Stlth   ++........              (no amulet)
HPRegen 0.09/turn               d - +4 ring of slaying
MPRegen 0.12/turn               (no ring)

@: lethally poisoned (-3 -> -22), flying quickly and evasively, quick
A: beak, talons 3, nimble flight
a: no special abilities


You were on level 3 of the Dungeon.
You visited 1 branch of the dungeon, and saw 3 of its levels.

You collected 74 gold pieces.


Innate Abilities, Weirdness & Mutations

You have a beak for a mouth.
You have claws for feet.
Your magical nature lets you fly swiftly and evasively.


   Skills:
 - Level 2.1 Dodging
 - Level 2.0 Stealth
 + Level 3.0 Spellcasting
 + Level 7.3 Summonings


You had 4 spell levels left.
You knew the following spells:

 Your Spells              Type           Power      Damage    Failure   Level
a - Summon Small Mammal   Summ           100%       N/A       1%          1
b - Call Imp              Summ           27%        N/A       1%          2
c - Call Canine Familiar  Summ           27%        N/A       2%          3

Your spell library contained the following spells:

 Spells                   Type           Power      Damage    Failure   Level
 Summon Guardian Golem    Hex/Summ       15%        N/A       12%         3
 Ensorcelled Hibernation  Hex/Ice        4%         N/A       26%         2
 Summon Lightning Spire   Summ/Air       15%        N/A       36%         4
 Tukima's Dance           Hex            2%         N/A       45%         3
 Enfeeble                 Hex            1%         N/A       100%        7

Inventory:

Hand Weapons
 a - a +0 trident (weapon) {polearm}
   (You took it off an orc on level 3 of the Dungeon)
 b - a +2 dagger of protection {short}
   (You took it off a goblin on level 3 of the Dungeon)
 t - a +0 vampiric whip {mace}
   (You took it off an orc on level 3 of the Dungeon)
Missiles
 f - 68 stones {throwing}
 h - 15 poisoned darts {throwing}
 i - 26 bolts
 o - 6 boomerangs {throwing}
Armour
 g - a scarf of resistance (worn)
   (You found it on level 1 of the Dungeon)
 p - a +0 pair of gloves (worn)
   (You found it on level 2 of the Dungeon)
 r - a +0 robe (worn)
 u - a +0 scale mail of cold resistance
   (You took it off Terence on level 3 of the Dungeon)
Jewellery
 d - a +4 ring of slaying (left hand)
   (You found it on level 1 of the Dungeon)
Scrolls
 c - a scroll of identify {unknown}
 e - 2 scrolls of fog {unknown}
 j - a scroll of immolation {unknown}
 n - 2 scrolls of brand weapon {unknown}
 s - a scroll of enchant weapon {unknown}
Potions
 l - a potion of resistance {unknown}
 m - a potion of heal wounds {unknown}
 q - a potion of might {unknown}

Dungeon Overview and Level Annotations

Branches:
Dungeon (3/15)

Altars:

Shops:
D:2

: ..#.....# ..#.....#
#######.# #######.# .
#.......#..#
#######....
#.#######..# #.gā€
))..... #.#
#..#####h#####.... #.#
#............# . #.#
#.......@....# #.#
#............#
#.#######.)..........#
.....................#
#.########.........>.#
#......<.)...........#
#######.###.........)#
#...<# #..........#
#.##.# #..........#


You could see a gnoll (ally target) and a friendly hound (summoned).


Message History

šŸ˜® MP[+1]
Your hound closely misses the gnoll.
The gnoll hits your hound with a +0 club.
You see here a jackal corpse.
You are too injured to fight recklessly!
Reach: a) +0 trident {polearm}
Press: ? - help, Dir - move target, f - gnoll
Aim: a gnoll, wielding a +0 club (moderately wounded, ally target, about 35% to evade your +0 trident)
You reach to attack!
You hit the gnoll.
Your hound bites the gnoll.
The gnoll misses your hound.
Your hound bites the gnoll. šŸ˜® HP[+1] Reach: a) +0 trident {polearm}
Press: ? - help, Dir - move target, f/p - gnoll
Aim: a gnoll, wielding a +0 club (almost dead, ally target, about 35% to evade your +0 trident)
You could not reach far enough!
Your hound barely misses the gnoll.
The gnoll hits your hound with a +0 club.
Your hound bites the gnoll but does no damage.
Reach: a) +0 trident {polearm}
Press: ? - help, Dir - move target, f/p - gnoll
Aim: a gnoll, wielding a +0 club (almost dead, ally target, about 35% to evade your +0 trident)
You could not reach far enough!
Your hound barely misses the gnoll.
The gnoll completely misses your hound.
Your hound bites the gnoll but does no damage.
The gnoll hits your hound with a +0 club.
Reach: a) +0 trident {polearm}
Press: ? - help, Dir - move target, f/p - gnoll
Aim: a gnoll, wielding a +0 club (almost dead, ally target, about 35% to evade your +0 trident)
You reach to attack!
You hit the gnoll.
You kill the gnoll!
Reach: a) +0 trident {polearm}
Press: ? - help, Dir - move target, f - hobgoblin
Aim: a hobgoblin (about 38% to evade your +0 trident)
You reach to attack!
You hit the hobgoblin.
Your hound barely misses the hobgoblin.
The hobgoblin barely misses your hound.
Your hound barely misses the hobgoblin.
Reach: a) +0 trident {polearm}
Press: ? - help, Dir - move target, f/p - hobgoblin
Aim: a hobgoblin (severely wounded, ally target, about 38% to evade your +0 trident)
You reach to attack!
You hit the hobgoblin but do no damage.
Your hound bites the hobgoblin but does no damage.
The hobgoblin misses your hound.
Your hound barely misses the hobgoblin.
The hobgoblin hits your hound.
Your hound dies!
Your hound's corpse disappears in a puff of smoke! šŸ˜® MP[+1]
Your mp is fully restored (10).
Reach: a) +0 trident {polearm}
Press: ? - help, Dir - move target, f/p - hobgoblin
Aim: a hobgoblin (severely wounded, about 38% to evade your +0 trident)
Okay, then.
Casting: Call Canine Familiar (dangerous; 2% risk of failure)
Confirm with . or Enter, or press ? or * to list all spells.
šŸ˜® MP[-3]
You lost 3 mp, and now have 7/10 mp.
Reach: a) +0 trident {polearm}
Press: ? - help, Dir - move target, f/p - hobgoblin
Aim: a hobgoblin (severely wounded, ally target, about 38% to evade your +0 trident)
You reach to attack!
You closely miss the hobgoblin.
Your hound barely misses the hobgoblin.
The hobgoblin misses your hound.
Your hound bites the hobgoblin.
The hobgoblin dies! šŸ˜® HP[+1]
You are too injured to fight recklessly!
Reach: a) +0 trident {polearm}
Press: ? - help, Dir - move target, f - gnoll
Aim: a gnoll, wielding a +1 spear of venom (about 35% to evade your +0 trident)
You could not reach far enough!
The gnoll hits you from afar with a +1 spear of venom.
You are poisoned. šŸ˜® HP[-3]
You take 3 damage, and now have 17/28 hp.
You feel very sick. šŸ˜Ø HP[-3]
You take 3 damage, and now have 14/28 hp.
What are your orders? t - Shout!
Orders for allies: a - Attack new target. p - Attack previous target. r - Retreat! s - Stop attacking. g - Guard the area. f - Follow me.
Anything else - Cancel.
Gang up on whom?
Press: ? - help, Dir - move target, f/p - gnoll
Aim: a gnoll, wielding a +1 spear of venom Attack!
You feel sick.
Your hound bites the gnoll.
Your hound bites the gnoll but does no damage.
The gnoll hits you from afar with a +1 spear of venom!
* * * LOW HITPOINT WARNING * * *
You are more poisoned. šŸ˜± HP[-8] MP[+1]
You take 8 damage, and now have 6/28 hp.
MASSIVE DAMAGE!! (PAUSE)
* * * LOW HITPOINT WARNING * * *
You feel very sick.
Your hound barely misses the gnoll.
The gnoll hits your hound with a +1 spear of venom! šŸ˜± HP[-5]
You take 5 damage, and now have 1/28 hp.
It was a potion of flight.
You feel more buoyant.
You die...

Skill      XL: |  1  2  3  4  5 |
---------------+----------------+-----
Summonings     | 5 6 7 |  7.3
Spellcasting   | 3 |  3.0
Dodging        | |  2.1
Stealth        | |  2.0

Action                   |  1- 3 |  4- 6 || total
-------------------------+-------+-------++-------
Melee: Dagger            |    36 |    16 ||    52
       Peck              |     4 |     3 ||     7
       Kick              |    12 |     2 ||    14
       Trident           |       |    31 ||    31
 Cast: Summon Small Mamm |    34 |    17 ||    51
       Call Canine Famil |     1 |     6 ||     7
       Call Imp          |       |     5 ||     5
  Use: Potion            |       |     1 ||     1
Armor: Robe              |    10 |     1 ||    11
Dodge: Dodged            |    30 |    19 ||    49

Levels and vault maps discovered:
D:1:      matt_arrival_diagonals, layout_loops_ring,
          ebering_ecumenical_altar_mist, minmay_misc_feat_x,
          chequers_serial_rivers_marsh
D:2:      layout_rooms, serial_shops, shop_fountains
D:3:      layout_basic, gammafunk_ghost_cemetery, guppyfry_early_orc_mine,
          uniq_terence, uniq_robin

Notes
Turn   | Place    | Note
-------+----------+-------------------------------------------
     0 | D:1      | KyoPewz the Tengu Summoner began the quest for the Orb.
     0 | D:1      | Reached XP level 1. HP: 10/10 MP: 4/4
     0 | D:1      | magus.rc [v1.9.6]
     0 | D:1      | Upgraded the game from 0.28-a0-1212-gc6b4282bc0 to
                  | 0.28-a0-1241-gf280a0fbb2
     0 | D:1      | magus.rc [v1.9.6]
    72 | D:1      | Reached skill level 5 in Summonings
   284 | D:1      | Reached XP level 2. HP: 14/15 MP: 1/6
   362 | D:1      | Learned a level 2 spell: Call Imp
   621 | D:1      | Reached XP level 3. HP: 14/19 MP: 5/7
   848 | D:1      | Reached skill level 6 in Summonings
  1049 | D:1      | Found a faded altar of an unknown god.
  1352 | D:2      | Found Purawnozeg's Book Shop.
  1456 | D:2      | Learned a level 3 spell: Call Canine Familiar
  1485 | D:2      | Reached XP level 4. HP: 24/24 MP: 3/8
  1937 | D:3      | You pick up a book of Maledictions and begin reading...
  1937 | D:3      | You add the spells Ensorcelled Hibernation, Tukima's Dance
                  | and Enfeeble to your library.
  2054 | D:3      | Noticed Robin
  2094 | D:3      | Killed Robin
  2095 | D:3      | Reached skill level 7 in Summonings
  2464 | D:3      | Noticed Terence
  2476 | D:3      | Killed Terence
  2477 | D:3      | Gained mutation: Your magical nature lets you fly swiftly
                  | and evasively. [Tengu growth]
  2477 | D:3      | Reached XP level 5. HP: 28/28 MP: 4/10
  2576 | D:3      | Reached skill level 3 in Spellcasting
  2589 | D:3      | HP: 6/28 [gnoll (7)]
  2590 | D:3      | HP: 1/28 [poisoned by a gnoll]
  2591 | D:3      | Succumbed to a gnoll's poison

Vanquished Creatures
  3 gnolls
  An adder (D:2)
  2 dart slugs (D:2)
  3 orcs (D:3)
  2 endoplasms (D:1)
  6 goblins (D:3)
  4 hobgoblins
  3 jackals
  3 kobolds
  2 quokkas
  2 ball pythons
  4 bats (D:2)
  A frilled lizard (D:3)
  A rat (D:3)
37 creatures vanquished.

Vanquished Creatures (collateral kills)
  Terence (D:3)
  Robin (D:3)
  An adder (D:3)
  2 worms
  A dart slug (D:3)
  4 orcs (D:3)
  A ball python (D:2)
  2 bats
  2 endoplasms (D:1)
  7 goblins
  3 hobgoblins (D:3)
  2 jackals
  A quokka (D:1)
  A frilled lizard (D:1)
  2 rats
31 creatures vanquished.

Grand Total: 68 creatures vanquished

Table legend:
 A = Non-vault XP
 B = Vault XP
 C = Vault XP percentage of total XP
 D = Non-vault monster count
 E = Vault monster count
 F = Vault count percentage of total count
                 A         B        C        D         E       F
            +---------+---------+-------+---------+---------+-------
      Total |     165 |      85 |  34.0 |      49 |      19 |  27.9
            +---------+---------+-------+---------+---------+-------
        D:1 |      42 |       0 |   0.0 |      16 |       0 |   0.0
        D:2 |      45 |       0 |   0.0 |      15 |       0 |   0.0
        D:3 |      78 |      85 |  52.1 |      18 |      19 |  51.4
            +---------+---------+-------+---------+---------+-------

Illustrated notes

Table legend:
 A = Kills in this place as a percentage of kills in entire the game.
 B = Kills by you in this place as a percentage of kills by you in the entire game.
 C = Kills by friends in this place as a percentage of kills by friends in the entire game.
 D = Other kills in this place as a percentage of other kills in the entire game.
 E = Experience gained in this place as a percentage of experience gained in the entire game.
 F = Experience gained in this place divided by the number of levels of this place that you have seen.
                   A       B       C       D       E      F
               +-------+-------+-------+-------+-------+----------------------
         Total | 100.0 | 100.0 | 100.0 |   N/A | 100.0 |  83.3
       Dungeon | 100.0 | 100.0 | 100.0 |   N/A | 100.0 |  83.3
               +-------+-------+-------+-------+-------+----------------------

Table legend: (Time is in decaauts)
 A = Elapsed time spent in this place.
 B = Non-inter-level travel time spent in this place.
 C = Inter-level travel time spent in this place.
 D = Time resting spent in this place.
 E = Time spent auto-exploring this place.
 F = Levels seen in this place.
 G = Mean time per level.
                   A        B        C        D        E       F      G
               +--------+--------+--------+--------+--------+-----+--------+
         Total |   2599 |   2566 |     33 |    351 |   1598 |   3 |  866.3 |
       Dungeon |   2599 |   2566 |     33 |    351 |   1598 |   3 |  866.3 |
               +--------+--------+--------+--------+--------+-----+--------+

Top non-repeatable levels by time:
     D:1: 1137 daAuts
     D:3: 838 daAuts
     D:2: 623 daAuts
